[Event "Sardinia World Festival-A 2024"]
[Site "Orosei"]
[Date "2024.04.30"]
[Round "5.23"]
[White "Levin, Guy"]
[Black "Ezra Paul Chambers"]
[Result "1-0"]
[ECO "A07"]
[WhiteElo "2451"]
[BlackElo "2343"]
[Annotator "TA"]
[PlyCount "75"]
[EventDate "2024.04.26"]
[EventType "swiss"]
[EventCountry "ITA"]
[SourceTitle "playchess.com"]
[Source "ChessBase"]
[SourceQuality "1"]
[TimeControl "40/5400+30:1800+30"]

1. Nf3 d5 2. g3 Nf6 3. Bg2 c6 4. b3 Bg4 5. Bb2 Nbd7 6. O-O Qc7 7. d3 e5 8. Nbd2 Bd6 9. e4 O-O 10. h3 Bh5 11. Qe1 Rfe8 {[%emt 0:02:35] Black is slightly better.} 12. Nh4 a5 13. Nf5 Bf8 14. a4 Bb4 15. g4 Bg6 16. Qe3 dxe4 (16... Rac8 $15) 17. dxe4 $11 b5 18. Nf3 bxa4 19. Rxa4 Bc5 (19... Nc5 $2 20. Rxb4 axb4 21. Qxc5 Bxf5 22. exf5 $18 (22. gxf5 Nxe4 23. Qxb4 Nf6 $18)) 20. Qe2 Bb6 21. Rd1 (21. Nd2 $14) 21... Nc5 (21... Bxf5 {with more complications.} 22. exf5 e4 23. Ng5 e3) 22. Rc4 Bxf5 23. gxf5 Nb7 24. Rd3 g6 (24... a4 $11) 25. Rdc3 $14 c5 26. Nh2 ({White should play} 26. Rd3 $1 $14 a4 27. Rxa4 (27. bxa4 Na5 $11) 27... Rxa4 28. bxa4) 26... Nd6 $11 27. Ra4 c4 28. Ba3 (28. bxc4 Bd4 (28... gxf5 $2 29. exf5 Rab8 30. Ng4 $16) 29. fxg6 hxg6 $17) 28... Bd4 29. Bxd6 (29. Rf3 {is more complex.} Nfxe4 30. Ng4 Kh8 31. fxg6 f5 32. Bxd6 Nxd6 33. Nf6) 29... Qxd6 30. Rcxc4 Nd7 {[%emt 0:00:13] [#]} (30... Bb6 $11) 31. Qd2 $1 $16 {[%emt 0:00:00][%cal Rc4d4] Hoping for Rxd4.} Nb6 $2 {[%emt 0:03:05] A mistake that costs the game.} (31... Bc5 $16 {keeps fighting.} 32. Qxd6 Bxd6) 32. Rxd4 $18 (32. Rxa5 $2 Nxc4 33. bxc4 Bxf2+ 34. Qxf2 Rxa5 $19) 32... exd4 33. Rxd4 Qe7 34. Ng4 {[%emt 0:00:18] e5 is the strong threat.} gxf5 35. Nh6+ (35. exf5 Qe1+ 36. Qxe1 Rxe1+ 37. Kh2 Rb8 $16) 35... Kh8 (35... Kf8 $142 36. Nxf5 (36. exf5 Qe1+ 37. Qxe1 Rxe1+ 38. Kh2 Rae8 $14) 36... Qf6) 36. Rd6 (36. exf5 Qe1+ 37. Kh2 Qxd2 38. Rxd2 Kg7 $16) (36. Nxf5 Qf6 37. Nh6 Rac8 $18) 36... a4 37. Qd4+ f6 38. Rxf6 {[%emt 0:00:17] Weighted Error Value: White=0.08 (flawless) /Black=0.54.  Loses game:     	---       	Black=1      Mistake:       	White=2     	Black=4      Inaccurate:     	White=2     	Black=4      OK:         	White=13    	Black=9      Best:        	White=2     	Black=2      Strong:       	White=1     	---} (38. Qxb6 $2 {is the wrong capture.} axb3 39. Qxb3 (39. cxb3 $2 {too greedy.} Ra1+ 40. Bf1 Rg8+ 41. Nxg8 Qg7+ 42. Kh2 Rxf1 $19) 39... Ra1+ 40. Bf1 Qg7+ $19 (40... Qxd6 41. Nf7+ Kg7 42. Nxd6 Rf8 43. Qb7+ Kh8 44. Qe7 Raa8 45. Kh2) (40... Qxd6 41. Nf7+ Kg7 42. Nxd6 Rf8 43. Qb7+ Kg6 44. Nxf5 Rg8 45. Qb3)) 1-0

[Event "Sardinia World Festival-A 2024"]
[Site "Orosei"]
[Date "2024.04.30"]
[Round "5.24"]
[White "Krawczyk, Flawian"]
[Black "Trost, Edvin"]
[Result "1/2-1/2"]
[ECO "B48"]
[WhiteElo "2315"]
[BlackElo "2434"]
[Annotator "RC"]
[PlyCount "42"]
[EventDate "2024.04.26"]
[EventType "swiss"]
[EventCountry "ITA"]
[SourceTitle "playchess.com"]
[Source "ChessBase"]
[SourceQuality "1"]
[TimeControl "40/5400+30:1800+30"]

1. e4 c5 2. Nf3 e6 3. d4 cxd4 4. Nxd4 Nf6 5. Nc3 Nc6 6. a3 Be7 7. Be2 O-O 8. Be3 Qc7 9. O-O d6 10. Kh1 a6 11. f4 Nxd4 12. Bxd4 e5 13. Be3 exf4 14. Bxf4 Be6 15. Qe1 Bc4 16. Bg5 Rfe8 17. Qg3 Kh8 18. Rae1 Rac8 19. Qh4 Bxe2 20. Rxe2 Qd8 21. e5 Ng8 1/2-1/2

[Event "Sardinia World Festival-A 2024"]
[Site "Orosei"]
[Date "2024.04.30"]
[Round "5.25"]
[White "Degraeve, Remy"]
[Black "Lohia, Sohum"]
[Result "1-0"]
[ECO "E05"]
[WhiteElo "2432"]
[BlackElo "2316"]
[Annotator "TA"]
[PlyCount "157"]
[EventDate "2024.04.26"]
[EventType "swiss"]
[EventCountry "ITA"]
[SourceTitle "playchess.com"]
[Source "ChessBase"]
[SourceQuality "1"]
[TimeControl "40/5400+30:1800+30"]

1. c4 Nf6 2. Nf3 e6 3. g3 d5 4. Bg2 Be7 5. O-O O-O 6. d4 dxc4 7. Qc2 b5 8. a4 {[%emt 0:00:23] E05: Open Catalan: 5 Nf3 Be7.} b4 9. Nfd2 Nd5 10. Nxc4 c5 11. dxc5 Bxc5 12. e4 Nb6 13. Ncd2 N8d7 14. a5 Ba6 15. axb6 Rc8 16. Qd1 Qxb6 17. Nb3 Bxf1 18. Qxf1 Be7 $146 ({Predecessor:} 18... h6 19. N1d2 Rfd8 20. Nf3 Nf6 21. Ne1 a5 22. Bf3 Ra8 23. Nxc5 Qxc5 24. Be3 Qe5 {1-0 Maghsoodloo,P (2721)-Wang,H (2722) Shusha Blitz 2022 (14)}) 19. Be3 Nc5 20. N1d2 Qb8 21. Nd4 Bf6 22. e5 Qxe5 23. Nc6 Qxb2 24. Rb1 (24. Rxa7 Rxc6 25. Bxc6 Bd4 $18) 24... Qa2 25. Bxc5 Qxd2 26. Bxb4 Qa2 27. Bxf8 Rxf8 28. Qb5 h5 29. h4 g6 30. Bf3 Kg7 31. Rb4 a6 32. Qc5 (32. Qd3 $142) 32... a5 $2 (32... Qa3 {might work better.}) 33. Nxa5 (33. Qxa5 Qxa5 34. Nxa5 Bc3 $18) 33... Qa1+ 34. Kg2 Bc3 (34... Qe5 {keeps fighting.} 35. Qb6 Bd8) 35. Rb5 $18 Bd4 36. Qc4 Qc3 37. Rb7 Qxc4 38. Nxc4 Rd8 39. Bc6 Bf6 40. Bd7 Kf8 41. Kf3 Ra8 42. Bc6 Rd8 43. Nb6 Kg7 44. Nd7 Bd4 45. Rb4 e5 (45... Bc3 $142 46. Rb8 Rxb8 47. Nxb8 Bd4) 46. Rb7 $18 Ra8 47. Bd5 Ra5 48. Nf6 Ra7 49. Ne8+ Kf8 50. Rxa7 Bxa7 51. Nd6 f6 52. Ke2 Bb6 (52... Bb8 $142 53. Ne4 Ke7) 53. Nc4 Bc5 54. Bc6 Ke7 55. Ne3 Kf7 56. Kd3 Bb4 (56... f5 $142 57. Ke2 Bf8) 57. Bd5+ $18 Kg7 58. Bb3 Be1 (58... f5 {was called for.} 59. Ke2 Bc3) 59. Ke2 $18 Bb4 60. Nd5 Bd6 61. Kf3 f5 62. Ba4 Kf7 63. Bd7 Bc5 $2 (63... e4+ 64. Kg2 Ba3) 64. Nc7 $18 e4+ 65. Ke2 Bb6 $2 (65... Ba3 66. Be8+ Kg7) 66. Be8+ $18 Kf8 67. Nd5 Bxf2 68. Kxf2 ({Weaker is} 68. Bxg6 Bxg3 69. Bxf5 Kf7 70. Bxe4 Ke6 $14) 68... Kxe8 69. Ke3 Kf7 70. Kf4 Ke6 71. Ne3 Kf6 72. Ng2 Kf7 73. Kg5 Kg7 74. Nf4 e3 75. Ne2 (75. Nxg6 $2 {too greedy.} e2 76. Nf4 e1=Q $19 (76... e1=B 77. Nxh5+ Kh7 78. Kxf5 $18)) 75... Kf7 76. Kf4 Kf6 77. Nd4 g5+ 78. hxg5+ Kg6 79. Ne2 (79. Kxe3 Kxg5 80. Kf2 Kg4 $16) 1-0

[Event "Sardinia World Festival-A 2024"]
[Site "Orosei"]
[Date "2024.04.30"]
[Round "5.26"]
[White "Aghayev, Miragha"]
[Black "Kanyamarala, Trisha"]
[Result "1/2-1/2"]
[ECO "B53"]
[WhiteElo "2424"]
[BlackElo "2285"]
[Annotator "TA"]
[PlyCount "63"]
[EventDate "2024.04.26"]
[EventType "swiss"]
[EventCountry "ITA"]
[SourceTitle "playchess.com"]
[Source "ChessBase"]
[SourceQuality "1"]
[TimeControl "40/5400+30:1800+30"]

1. e4 c5 2. Nf3 d6 3. d4 cxd4 4. Qxd4 Nc6 5. Qe3 Nf6 6. Be2 g6 7. h3 Bg7 8. O-O {[%emt 0:00:09] The position is equal.} O-O 9. c4 Qb6 10. Qxb6 axb6 11. Nc3 Be6 12. Be3 (12. Rd1 $11 {deserves consideration.}) 12... Nd7 $15 13. Rfc1 Na5 14. Nd2 Rfc8 15. Nd1 Ne5 16. b3 Nec6 17. Rab1 Nd4 18. Bf1 Nac6 19. Nc3 Nb4 20. Rb2 {[%emt 0:00:52] [#]} Nb5 $1 21. Ndb1 Nxc3 22. Nxc3 b5 23. a4 $1 bxa4 24. bxa4 Nc6 25. Rxb7 Na5 $36 {[%emt 0:02:13][%csl LRb7,LRc4][%mdl 2048] Black has good play.} 26. Rxe7 {[%emt 0:02:12] [#] Threatens to win with Nb5.} Kf8 27. Ra7 Rxa7 28. Bxa7 Nb3 $1 29. Rc2 {[%emt 0:03:11] Nb5 would now be deadly.} Na1 $1 30. Rc1 Nb3 31. Rb1 (31. Rc2 $1 $11) 31... Nd2 {[%emt 0:00:27][%mdl 1024] Black has compensation.} 32. Rc1 {[%emt 0:00:16] Weighted Error Value: White=0.13 (very precise) /Black=0.06 (flawless) .  Mistake:       	White=2     	---        Inaccurate:     	White=4     	Black=3      OK:         	White=8     	Black=11     Best:        	White=2     	Black=2      Strong:       	White=1     	Black=2} 1/2-1/2

[Event "Sardinia World Festival-A 2024"]
[Site "Orosei"]
[Date "2024.04.30"]
[Round "5.27"]
[White "Haldorsen, Benjamin"]
[Black "Fava, Lorenzo"]
[Result "1-0"]
[ECO "B10"]
[WhiteElo "2419"]
[BlackElo "2279"]
[Annotator "TA"]
[PlyCount "117"]
[EventDate "2024.04.26"]
[EventType "swiss"]
[EventCountry "ITA"]
[SourceTitle "playchess.com"]
[Source "ChessBase"]
[SourceQuality "1"]
[TimeControl "40/5400+30:1800+30"]

1. e4 c6 2. Nf3 d5 3. d3 g6 4. e5 Bg7 5. h3 c5 6. d4 $146 {[%emt 0:01:23] B10: Caro-Kann: 2 d3 and 2 c4.} ({Predecessor:} 6. Bf4 Nc6 7. Qe2 Qb6 8. c3 d4 9. g3 Bf5 10. Qd2 g5 11. Bxg5 Nxe5 12. Nxe5 Bxe5 {0-1 Janik,I (2470)-Socko,B (2601) Katowice POL-HUN rapid 8th 2020 (7.1)}) 6... cxd4 7. Qxd4 Nc6 8. Bb5 e6 9. Bxc6+ bxc6 10. O-O Ne7 11. Nbd2 (11. Qc3 $14) 11... Qb6 $11 12. Qa4 Bd7 13. Nb3 c5 14. Qa3 $1 Rc8 15. Bd2 Nc6 16. Nxc5 Nxe5 17. Nxe5 Bxe5 18. Bc3 Qxc5 19. Qxc5 (19. Bxe5 Qxa3 20. bxa3 O-O $17) 19... Rxc5 20. Bxe5 Rg8 21. c3 Ke7 22. f4 Rgc8 23. Bd4 R5c7 24. Rf2 Rb7 25. b4 Bb5 26. a4 Bd3 27. Rd2 Bc4 28. g4 a6 29. g5 Kd7 30. Kf2 Kc6 31. Ke3 Rd7 (31... Kd7 $142 32. h4 Ke8) 32. Rb2 Rb8 {[%emt 0:01:20] [#]} 33. h4 (33. Rg2 $142 $1) 33... Re8 34. h5 Rb8 ({Better is} 34... Rb7 35. Rh2 Bb3) 35. Be5 Rc8 {[%emt 0:00:44] [#]} (35... Rbb7 $142 36. Rf2 Bb3) 36. h6 (36. b5+ $142 $1 axb5 37. axb5+ Bxb5 38. h6) 36... Rb7 $16 37. Bd4 Kd7 38. Rbb1 Re8 39. b5 axb5 40. a5 Ra8 ({Black should try} 40... Kc6 $1 $14) 41. a6 $16 Rc7 42. a7 Rc6 (42... Rb7 $16 43. Ra5 Rc7) 43. Be5 $18 Ke7 44. Kd4 Rb6 45. Kc5 Rb7 46. Bb8 d4 (46... Rd7 $142 47. Rc1 Rd8) 47. cxd4 f6 48. Ra6 Rd7 49. Rc1 Rb7 $2 (49... fxg5 50. fxg5 Rd5+ 51. Kc6 Rxd4 52. Rxc4 Rxc4+ 53. Kb7 Rxa7+ 54. Rxa7 e5 55. Ka6+ (55. Bxe5 Ra4 $18) 55... Ke6 56. Rxh7 Rh4) 50. f5 $18 fxg5 51. fxe6 Raxb8 52. axb8=Q ({Stronger than} 52. a8=B Rc7+ 53. Kb4 Rd8 $11 (53... Rcc8 54. Bg2 $14)) 52... Rxb8 53. d5 Bd3 54. Ra7+ Kf6 55. Rf7+ Ke5 56. Re1+ Be4 57. Rxe4+ Kxe4 58. e7 Re8 59. d6 1-0

[Event "Sardinia World Festival-A 2024"]
[Site "Orosei"]
[Date "2024.04.30"]
[Round "5.28"]
[White "Fiedorek, Michal"]
[Black "Yankelevich, Lev"]
[Result "1/2-1/2"]
[ECO "C79"]
[WhiteElo "2310"]
[BlackElo "2413"]
[Annotator "TA"]
[PlyCount "49"]
[EventDate "2024.04.26"]
[EventType "swiss"]
[EventCountry "ITA"]
[SourceTitle "playchess.com"]
[Source "ChessBase"]
[SourceQuality "1"]
[TimeControl "40/5400+30:1800+30"]

1. e4 e5 2. Nf3 Nc6 3. Bb5 Nf6 4. d3 d6 5. O-O a6 6. Bxc6+ bxc6 7. d4 exd4 8. Qxd4 c5 (8... Be7 {is interesting.} 9. e5 c5 10. Qf4 Nh5) 9. Qd3 Be7 10. b3 O-O {[%emt 0:00:56] The position is equal.} 11. Bb2 a5 12. c4 a4 13. Nc3 axb3 14. axb3 Rb8 15. Qc2 Bd7 16. Rfe1 Qc8 17. Re3 Re8 (17... Qb7 {is more complex.} 18. Qe2 Ng4 19. Nd5 Rbe8) 18. h3 h6 19. Rae1 Bf8 20. Ne2 Nh7 21. Nf4 Bc6 22. Nd5 {[%emt 0:05:01] White is more active.} (22. Nh4 $16) 22... Bd7 23. Nf4 (23. Nd2 $14) 23... Bc6 $1 $16 24. Nd5 (24. Nh4 $16) 24... Bd7 $14 25. Nf4 {[%emt 0:11:46] Weighted Error Value: White=0.19 (very precise) /Black=0.08 (flawless) .  Mistake:       	White=4     	---        Inaccurate:     	White=2     	Black=2      OK:         	White=6     	Black=6      Strong:       	---       	Black=1} ({White should play} 25. Qd1 $14) 1/2-1/2

[Event "Sardinia World Festival-A 2024"]
[Site "Orosei"]
[Date "2024.04.30"]
[Round "5.29"]
[White "Kanyamarala, Tarun"]
[Black "Lumachi, Gabriele"]
[Result "1/2-1/2"]
[ECO "A07"]
[WhiteElo "2293"]
[BlackElo "2413"]
[Annotator "TA"]
[PlyCount "57"]
[EventDate "2024.04.26"]
[EventType "swiss"]
[EventCountry "ITA"]
[SourceTitle "playchess.com"]
[Source "ChessBase"]
[SourceQuality "1"]
[TimeControl "40/5400+30:1800+30"]

1. Nf3 d5 2. g3 Bg4 3. Bg2 Nd7 4. h3 Bh5 5. c4 e6 6. cxd5 exd5 7. O-O c6 8. d3 Bd6 (8... Ngf6 $11 {is more appropriate.}) 9. e4 $14 Ne7 10. Qc2 Bxf3 11. Bxf3 O-O 12. Nc3 Nb6 13. Bg2 f5 14. exd5 (14. f4 $16) 14... f4 {[%emt 0:02:43] Dodges Be3} (14... Nexd5 $11 15. Qb3 f4) 15. dxc6 Nxc6 16. Bxc6 bxc6 17. Ne4 {[%emt 0:00:22] Nxd6 is the strong threat.} Be5 18. Qxc6 {[%emt 0:07:58] [#] Strongly threatening Qe6+.} Kh8 19. gxf4 Bxf4 20. Bxf4 Rxf4 21. Rac1 (21. Rae1 {looks sharper.} Qxd3 22. Ng5 Raf8 23. Ne6) 21... h6 22. Qd6 Qxd6 23. Nxd6 Rd8 {[%emt 0:00:03] [#]} 24. Nb5 ({Better is} 24. Nc4 $1 $16) 24... Rxd3 $11 {[%emt 0:05:52] The position is equal.} 25. Rc3 Rd2 26. Nxa7 Rxb2 27. Rb3 Rxa2 28. Rxb6 Rxa7 29. Rfb1 {[%emt 0:01:01] Weighted Error Value: White=0.16 (very precise) /Black=0.19 (very precise) .  Mistake:       	White=2     	Black=2      Inaccurate:     	White=1     	Black=4      OK:         	White=11    	Black=9} 1/2-1/2

[Event "Sardinia World Festival-A 2024"]
[Site "Orosei"]
[Date "2024.04.30"]
[Round "5.30"]
[White "Atanasov, Anthony"]
[Black "Krishnan, Ritvik"]
[Result "0-1"]
[ECO "D02"]
[WhiteElo "2407"]
[BlackElo "2277"]
[Annotator "RC"]
[PlyCount "102"]
[EventDate "2024.04.26"]
[EventType "swiss"]
[EventCountry "ITA"]
[SourceTitle "playchess.com"]
[Source "ChessBase"]
[SourceQuality "1"]
[TimeControl "40/5400+30:1800+30"]

1. d4 Nf6 2. Nf3 d5 3. c3 e6 4. Bf4 c5 5. e3 Nc6 6. Nbd2 cxd4 7. exd4 Nh5 8. Bg5 f6 9. Bh4 Nf4 10. Bg3 Bd6 11. Bxf4 Bxf4 12. Bb5 O-O 13. O-O a6 14. Bxc6 bxc6 15. Re1 Qc7 16. c4 Rb8 17. Qc2 Qb6 18. Nb3 Kh8 19. g3 Bh6 20. Nc5 e5 21. cxd5 cxd5 22. dxe5 Bg4 23. Nd4 Rbc8 24. Ndb3 fxe5 25. Rxe5 Qf6 26. f4 Bxf4 27. gxf4 Qxf4 28. Rae1 Rc6 29. Nd3 Qf3 30. Nd4 Rxc2 31. Nxf3 Bxf3 32. Rf5 Kg8 33. Rxf8+ Kxf8 34. Nf4 Be4 35. Re2 Rc1+ 36. Kf2 Kf7 37. Rd2 Rh1 38. Kg3 g5 39. Ne2 Kf6 40. b4 Ke5 41. a4 Rb1 42. b5 axb5 43. axb5 Rxb5 44. Kg4 h6 45. Nd4 Rb6 46. h3 Ra6 47. Rd1 Ra4 48. Nc6+ Kd6 49. Nd4 Bc2 50. Rd2 Ke5 51. Re2+ Kxd4 0-1

[Event "Sardinia World Festival-A 2024"]
[Site "Orosei"]
[Date "2024.04.30"]
[Round "5.31"]
[White "Di Benedetto, Edoardo"]
[Black "Krivenko, Dion"]
[Result "1/2-1/2"]
[ECO "E69"]
[WhiteElo "2400"]
[BlackElo "2254"]
[Annotator "TA"]
[PlyCount "73"]
[EventDate "2024.04.26"]
[EventType "swiss"]
[EventCountry "ITA"]
[SourceTitle "playchess.com"]
[Source "ChessBase"]
[SourceQuality "1"]
[TimeControl "40/5400+30:1800+30"]

1. d4 Nf6 2. c4 g6 3. g3 Bg7 4. Bg2 O-O 5. Nf3 d6 6. Nc3 Nbd7 7. O-O e5 8. e4 c6 9. h3 Qb6 10. d5 cxd5 11. cxd5 Nc5 12. Qc2 Bd7 13. Be3 Rfc8 14. Nd2 Qa6 15. Rfc1 {[%emt 0:04:09] White is slightly better.} b5 $1 16. b4 Na4 17. Qb3 Nxc3 18. Rxc3 Rxc3 19. Qxc3 Rc8 20. Qb2 Qa4 21. Rc1 {[%emt 0:00:36] [#] Threatens to win with Rxc8+.} Rxc1+ 22. Qxc1 Ne8 {[%emt 0:01:05] Against Qc7} (22... Qxa2 $2 {is the wrong capture.} 23. Qc7 $18) 23. a3 a5 24. bxa5 Qxa5 {[%emt 0:00:13] The position is equal.} 25. Kh2 Bf6 26. Bf1 Bd8 27. Qb2 Qa6 28. Kg1 Qa4 29. Qb4 Qa6 30. Nb1 Ba5 31. Qb2 Qb7 32. Bd2 Bb6 33. Bb4 Bd4 34. Bc3 Bc5 35. Bb4 Bd4 36. Bc3 Bc5 37. Bb4 {[%emt 0:01:03] Weighted Error Value: White=0.04 (flawless) /Black=0.03 (flawless) .  Inaccurate:     	---       	Black=1      OK:         	White=12    	Black=15     Strong:       	---       	Black=1} 1/2-1/2

[Event "Sardinia World Festival-A 2024"]
[Site "Orosei"]
[Date "2024.04.30"]
[Round "5.32"]
[White "Vantika Agrawal"]
[Black "Cina`, Vittorio"]
[Result "1-0"]
[ECO "D37"]
[WhiteElo "2398"]
[BlackElo "2165"]
[Annotator "TA"]
[PlyCount "79"]
[EventDate "2024.04.26"]
[EventType "swiss"]
[EventCountry "ITA"]
[SourceTitle "playchess.com"]
[Source "ChessBase"]
[SourceQuality "1"]
[TimeControl "40/5400+30:1800+30"]

1. d4 Nf6 2. c4 e6 3. Nf3 a6 4. Nc3 d5 5. cxd5 exd5 6. Bg5 Be6 7. e3 Nbd7 8. h3 {[%emt 0:01:14] White is slightly better.} Bd6 9. Bd3 c6 10. Bf4 Qc7 11. Bxd6 Qxd6 12. O-O O-O 13. a4 b6 14. Qe2 a5 15. Rac1 Rac8 16. Rfd1 Rfe8 17. Qc2 h6 18. Nh4 c5 19. Nf5 Qf8 20. Ba6 Rcd8 21. Ng3 h5 (21... Ra8 $14 22. Bb5 Rec8) 22. Nge2 {[%emt 0:04:29] White is more active.} g6 23. Bb5 Bf5 24. Qd2 c4 25. Ng3 {[%emt 0:07:11] And now Nxf5 would win.} Be6 (25... Bd3 $16 {was necessary.}) 26. e4 $18 h4 27. e5 hxg3 28. exf6 gxf2+ (28... Nxf6 $16 29. Bxe8 (29. fxg3 Bd7 $11) 29... Qxe8) 29. Qxf2 Qh6 {[%emt 0:00:08] Prevents Qh4.} 30. Re1 Qg5 31. Bxd7 Bxd7 32. h4 Qh5 {[%emt 0:01:22] Loses the game.} (32... Rxe1+ $16 33. Rxe1 Qg4) 33. Re7 Rxe7 $2 (33... Qf5 34. Rf1 Qxf2+ 35. Kxf2 (35. Rxf2 Be6 $16) 35... Bf5) 34. fxe7 Re8 {[%emt 0:00:04] [#] Black is weak on the dark squares} 35. Re1 Be6 {[%emt 0:00:38] [#]} 36. Re5 {[%emt 0:00:06] Inhibits Qf5.} Qh8 (36... Qh6 $142 37. Qf6 (37. Nxd5 Bxd5 38. Rxd5 Rxe7 $14) 37... Rxe7 38. Qxe7 Qc1+ 39. Kf2 Qf4+ 40. Ke2 Qg4+ 41. Ke1 Qg3+ 42. Kd1 Qxg2 43. Rxe6 fxe6 44. Qxe6+ Kg7 45. Qe5+ (45. Qxb6 g5 $18) (45. Nxd5 Qf3+ 46. Ke1 Qg3+ 47. Ke2 Qd3+ 48. Kf2 Qxd4+ 49. Kf3 Qxh4 $18) 45... Kh7 46. Qxd5 (46. Nxd5 Qh1+ 47. Kd2 Qg2+ 48. Kc3 Qf3+ 49. Ne3 Qh1 $18) 46... Qf1+ 47. Kc2 Qd3+ 48. Kc1 Qf1+ 49. Nd1 Qf4+ 50. Kb1 Qxh4 51. Qxc4 Kg7 52. Qc7+ Kf8 53. Qxb6 Qe1 54. Qf6+ Kg8 55. Qxg6+ Kf8 56. Qd6+ Kg8 57. Qg6+ Kf8 58. Qf6+ Kg8 59. Qg6+) 37. h5 {[%emt 0:00:32] White is clearly winning.} Rxe7 38. Nxd5 Bxd5 39. Rxe7 {[%emt 0:00:35] Re8+ would now be deadly.} Qxh5 40. Qf6 {[%emt 0:00:32] Weighted Error Value: White=0.07 (flawless) /Black=0.33.  Mistake:       	---       	Black=6      Inaccurate:     	White=1     	Black=2      OK:         	White=13    	Black=8      Best:        	White=2     	Black=2} 1-0

[Event "Sardinia World Festival-A 2024"]
[Site "Orosei"]
[Date "2024.04.30"]
[Round "5.33"]
[White "Loftgaard, Mikkel Vinh"]
[Black "Zemach, Nadav"]
[Result "1/2-1/2"]
[ECO "C54"]
[WhiteElo "2227"]
[BlackElo "2396"]
[Annotator "RC"]
[PlyCount "67"]
[EventDate "2024.04.26"]
[EventType "swiss"]
[EventCountry "ITA"]
[SourceTitle "playchess.com"]
[Source "ChessBase"]
[SourceQuality "1"]
[TimeControl "40/5400+30:1800+30"]

1. e4 e5 2. Nf3 Nc6 3. Bc4 Bc5 4. c3 Nf6 5. d3 a6 6. a4 d6 7. O-O Ba7 8. Re1 O-O 9. h3 h6 10. Nbd2 Re8 11. Nf1 Be6 12. Bxe6 Rxe6 13. Be3 Bxe3 14. Nxe3 d5 15. exd5 Nxd5 16. Nxd5 Qxd5 17. Qc2 Rd8 18. Re3 a5 19. Rae1 Rde8 20. Rd1 g6 21. Qc1 Kg7 22. d4 exd4 23. Rxe6 Rxe6 24. Nxd4 Rd6 25. Rd2 Qg5 26. Nf3 Qf4 27. Qc2 Ne5 28. Nd4 Nc6 29. Nf3 Re6 30. Rd7 Ne5 31. Nxe5 Rxe5 32. Qd1 Re6 33. g3 Qe5 34. Rd5 1/2-1/2

[Event "Sardinia World Festival-A 2024"]
[Site "Orosei"]
[Date "2024.04.30"]
[Round "5.34"]
[White "Samunenkov, Ihor"]
[Black "Grot, Blazej"]
[Result "1-0"]
[ECO "E05"]
[WhiteElo "2548"]
[BlackElo "2046"]
[Annotator "TA"]
[PlyCount "73"]
[EventDate "2024.04.26"]
[EventType "swiss"]
[EventCountry "ITA"]
[SourceTitle "playchess.com"]
[Source "ChessBase"]
[SourceQuality "1"]
[TimeControl "40/5400+30:1800+30"]

1. d4 Nf6 2. Nf3 e6 3. c4 d5 4. g3 Be7 5. Bg2 O-O 6. O-O dxc4 7. Qc2 b6 8. Ne5 Qxd4 9. Bxa8 Qxe5 {[%emt 0:00:27] The position is equal.} 10. Bf3 Nd5 {[%emt 0:00:25] Prevents Bf4.} 11. Nc3 Nc6 {[%emt 0:28:18][%cal Bb8c6,Bc6b4,Bb4a6,Ba6c5,Bc5e6][%mdl 32] next ...Nd4 is good for Black.} (11... Nxc3 {simplifies} 12. Qxc3 Qxc3 13. bxc3 Nd7) 12. Nxd5 exd5 13. Bf4 Qe6 14. Rad1 $132 {[%emt 0:04:42][%mdl 2048] Against Nd4. White has counterplay} Nb4 15. Qb1 {[%emt 0:05:38][%cal Oa2a3] [#] a3! is the strong threat.} c6 (15... g5 $5 16. Bd2 (16. Bxc7 Na6 $17) 16... Nc6 $15) 16. a3 Na6 17. e4 Bb7 18. exd5 cxd5 19. Rfe1 (19. b3 $5 c3 20. Rfe1 $14) 19... Qd7 20. b3 cxb3 21. Qxb3 Nc5 22. Qe3 Bf6 (22... Ne6 $1 $15 {stays ahead.}) 23. Be5 $16 {[%emt 0:02:17] Threatens to win with Bxf6.} Bxe5 (23... Re8 $142 24. Qc3 Bg5) 24. Qxe5 Ne6 25. Bxd5 Bxd5 26. Rxd5 Qa4 27. Qc3 Qg4 28. Qe3 Qa4 29. Red1 h6 30. Rd7 Rc8 31. h4 {[%emt 0:01:15] Black must now prevent Qf3.} Qc2 $2 (31... Rc7 32. R7d3 Qc4) 32. Qf3 $18 f5 (32... Qg6 33. h5 (33. Rxa7 b5 $18) 33... Qf6 34. Qxf6 gxf6 35. Rxa7 Ng5) 33. Qd5 Qc6 (33... Qe4 $142 34. Rxg7+ (34. Rxa7 Rc6 $18) 34... Kxg7) 34. Qxf5 {[%emt 0:00:56][%cal Od1d6] Intending R1d6! and mate.} Rf8 35. Qg6 {[%emt 0:00:50][%cal Od7g7] White threatens Rxg7+! and mate.} Rf6 {[%emt 0:00:53] [#]} 36. Rxg7+ $3 Nxg7 37. Rd8+ {[%emt 0:00:08] Weighted Error Value: White=0.24 (precise) /Black=0.55.  Mistake:       	---       	Black=5      Inaccurate:     	White=3     	Black=2      OK:         	White=11    	Black=5      Best:        	White=4     	Black=2} 1-0